 Dungeon Sprint DCSS version 0.30.1-11-g7821555f0a (webtiles) character file.

Game seed: 17641076077911791990

410 Groucho the Covert (level 6, -2/35 HPs)
             Began as a Spriggan Fighter on Jan 5, 2024.
             Was a Follower of Uskayaw.
             Slain by a komodo dragon (30 damage)
             ... in the Dungeon (Sprint IX: "|||||||||||||||||||||||||||||").
             The game lasted 00:01:45 (144 turns).

Groucho the Covert (Spriggan Fighter)                Turns: 144, Time: 00:01:45

Health: -2/35      AC:  3    Str: 15    XL:     6   Next: 58%
Magic:  4/12       EV: 22    Int:  9    God:    Uskayaw [*.....]
Gold:   0          SH:  6    Dex: 20    Spells: 5/5 levels left

rFire   . . .        m - +2 rapier (venom)
rCold   . . .        c - +0 buckler
rNeg    . . .        b - +0 robe
rPois   .            (helmet restricted)
rElec   .            a - +0 cloak
rCorr   .            (gloves unavailable)
SInv    +            (boots unavailable)
Will    +....        (no amulet)
Stlth   ++++         n - +3 ring of strength
HPRegen 0.25/turn    o - +3 ring of dexterity
MPRegen 0.13/turn

%: no teleportation
@: very quick
A: very small, no large weapons, unfitting armour, see invisible, speed 3
a: Renounce Religion, Stomp


You were in the Dungeon.
You worshipped Uskayaw.
Uskayaw was noncommittal.
You visited 1 branch

Inventory:

Hand Weapons
 m - a +2 rapier of venom (weapon)
Armour
 a - a +0 cloak (worn)
 b - a +0 robe (worn)
 c - a +0 buckler (worn)
Jewellery
 n - a +3 ring of strength (left hand)
 o - a +3 ring of dexterity (right hand)
Wands
 l - a wand of roots (10)
Scrolls
 j - 2 scrolls of blinking
 k - 2 scrolls of amnesia
Potions
 d - a potion of might
 e - 5 potions of curing
 f - 2 potions of heal wounds
 g - a potion of haste
 h - 4 potions of magic
 i - a potion of invisibility


   Skills:
 - Level 5.0 Fighting
 + Level 6.2 Short Blades
 - Level 7.0 Dodging
 + Level 8.1 Stealth
 + Level 5.0 Shields
 * Level 7.9 Invocations


You had 5 spell levels left.
You didn't know any spells.
Your spell library was empty.

Dungeon Overview and Level Annotations

Branches:
Dungeon (1/1)

Altars:
Cheibriados
Dithmenos
Elyvilon
Fedhas
Gozag
Hepliaklqana
Kikubaaqudgha
Makhleb
Nemelex Xobeh
Okawaru
Qazlal
Ru
Sif Muna
Trog
Uskayaw
Vehumet
Wu Jian
Xom
Yredelemnul
Zin
The Shining One
Jiyva
Lugonu


Innate Abilities, Weirdness & Mutations

You are very small and have problems with some larger weapons.
You are too small for most types of armour.
You have supernaturally acute eyesight. (SInv)
You cover ground extremely quickly. (Speed+++)


Message History

You feel agile.
You have reached level 6!
Unknown command.
Aiming: Line Pass
Press: ? - help, Dir - move target The wraith appears confused.
The wight appears confused.
The komodo dragon appears confused.
The gnoll sergeant appears confused.
The centaur appears confused.
You can no longer pass through a line of other dancers.
The centaur hits the gnoll sergeant but does no damage.
The centaur kicks the gnoll sergeant but does no damage.
The gnoll sergeant completely misses you.
The wight hits the komodo dragon but does no damage.
The komodo dragon bites you!
* * * LOW HITPOINT WARNING * * *
Unknown command.
Unknown command.
You feel much better.
The wraith hits the wight but does no damage.
The wraith hits itself!
The centaur hits the gnoll sergeant.
The centaur kicks the gnoll sergeant but does no damage.
The centaur hits itself.
The centaur kicks itself but does no damage.
You strike the helpless komodo dragon from behind!
You impale the komodo dragon!!
The komodo dragon is poisoned.
The komodo dragon is heavily wounded.
The komodo dragon seems less confused.
The gnoll sergeant hits the centaur with a +0 spear!
The wight closely misses the komodo dragon.
The komodo dragon closely misses you.
Okay, then.
You hit the komodo dragon.
The komodo dragon looks as sick as possible!
The komodo dragon is heavily wounded.
The centaur seems less confused.
The gnoll sergeant seems less confused.
The wight seems less confused.
The wraith seems less confused.
The gnoll sergeant closely misses you. The wight closely misses you.
The komodo dragon bites you!!
Ouch! That really hurt!
You die...

▓+▓
▓c▓
▓g▓
▓@▓
▓l▓
▓z▓
▓W▓
▓'▓
▓.▓
▓.▓
▓[▓
▓.▓


You could see a komodo dragon (extremely poisoned), a wraith, a gnoll sergeant,
a centaur and a wight.

Vanquished Creatures
  A gargoyle (D)
  A jelly (D)
  A hound (D)
  An iguana (D)
  An adder (D)
  An orc (D)
  A ball python (D)
  A goblin (D)
  A kobold (D)
  2 rats (D)
11 creatures vanquished.

Notes
Turn   | Place    | Note
-------+----------+-------------------------------------------
     0 | D        | Groucho the Spriggan Fighter began the quest for the Orb.
     0 | D        | Reached XP level 1. HP: 11/11 MP: 2/2
     9 | D        | Reached skill level 1 in Stealth
     9 | D        | Reached skill level 1 in Invocations
    31 | D        | Noticed a jelly
    31 | D        | Noticed an iguana
    31 | D        | Noticed a hound
    42 | D        | Reached skill level 2 in Stealth
    42 | D        | Reached XP level 2. HP: 12/16 MP: 4/4
    48 | D        | Reached skill level 5 in Dodging
    48 | D        | Reached skill level 3 in Stealth
    48 | D        | Reached XP level 3. HP: 16/20 MP: 4/6
    50 | D        | Reached skill level 4 in Stealth
    50 | D        | Reached XP level 4. HP: 20/24 MP: 4/8
    67 | D        | Reached skill level 5 in Stealth
    82 | D        | Found a snail-covered altar of Cheibriados.
    82 | D        | Found a shadowy altar of Dithmenos.
    82 | D        | Found a white marble altar of Elyvilon.
    82 | D        | Found a blossoming altar of Fedhas.
    82 | D        | Found an opulent altar of Gozag.
    83 | D        | Found a hazy altar of Hepliaklqana.
    84 | D        | Found a viscous altar of Jiyva.
    85 | D        | Found an ancient bone altar of Kikubaaqudgha.
    86 | D        | Found a corrupted altar of Lugonu.
    87 | D        | Found a burning altar of Makhleb.
    88 | D        | Found a sparkling altar of Nemelex Xobeh.
    89 | D        | Found an iron altar of Okawaru.
    90 | D        | Found a stormy altar of Qazlal.
    91 | D        | Found a sacrificial altar of Ru.
    92 | D        | Found a shimmering blue altar of Sif Muna.
    93 | D        | Found a bloodstained altar of Trog.
    94 | D        | Found a hide-covered altar of Uskayaw.
    95 | D        | Found a radiant altar of Vehumet.
    96 | D        | Found an ornate altar of the Wu Jian Council.
    97 | D        | Found a shimmering altar of Xom.
    98 | D        | Found a basalt altar of Yredelemnul.
    99 | D        | Found a glowing silver altar of Zin.
   100 | D        | Found a glowing golden altar of the Shining One.
   102 | D        | Became a worshipper of Uskayaw the Reveller
   136 | D        | Noticed a centaur
   136 | D        | Noticed a gnoll sergeant
   136 | D        | Noticed a komodo dragon
   136 | D        | Noticed a wraith
   136 | D        | Noticed a gargoyle
   138 | D        | Reached * piety under Uskayaw
   140 | D        | Killed a gargoyle
   140 | D        | Reached ** piety under Uskayaw
   141 | D        | Reached skill level 5 in Fighting
   141 | D        | Reached skill level 8 in Stealth
   141 | D        | Reached skill level 5 in Shields
   141 | D        | Reached XP level 5. HP: 14/30 MP: 8/11
   141 | D        | Reached XP level 6. HP: 16/35 MP: 8/12
   144 | D        | Slain by a komodo dragon

Illustrated notes

Levels and vault maps discovered:
D:        linesprint [early_d, line_temple, items_1, d_10, items_2, lair_1,
          lair_end, items_3, orc_1, orc_end, items_4, d_15, swamp_1, shoals_1,
          snake_1, spider_1, d_20, vaults_1, items_5, swamp_end, shoals_end,
          snake_end, spider_end, vaults_end, d_27, items_6, zot_1, zot_end,
          crypt_end, forest_end, elf_end, slime_end, tomb_end, abyss_end,
          pan_hell_end]

Skill      XL: |  1  2  3  4 |
---------------+-------------+-----
Stealth        | 2 3 4 8 |  8.1
Invocations    | 2 3 4 7 |  7.9
Fighting       | 3 5 |  5.0
Short Blades   | 3 6 |  6.2
Dodging        | 5 7 |  7.0
Shields        | 3 5 |  5.0

Action                     |  1- 3 |  4- 6 || total
---------------------------+-------+-------++-------
  Melee: Rapier            |    36 |     9 ||    45
 Invoke: Line Pass         |       |     1 ||     1
    Use: Potion            |     1 |     1 ||     2
   Stab: Sleeping          |       |     1 ||     1
         Confused          |       |     1 ||     1
 Armour: Robe              |     3 |       ||     3
  Dodge: Dodged            |    19 |     7 ||    26
  Block: Buckler           |     7 |     3 ||    10
